 Dungeon Crawl Stone Soup version 0.26-a0-520-g952f204493 (webtiles) character file.

Game seed: 16968894151846679913

2156 MrRokkomies the Stinger (level 8, -3/57 HPs)
             Began as a Demigod Venom Mage on Aug 12, 2020.
             Killed from afar by Maggie (23 damage)
             ... with a bolt of fire
             ... on level 6 of the Dungeon.
             The game lasted 00:14:47 (7897 turns).

MrRokkomies the Stinger (Demigod Venom Mage)        Turns: 7897, Time: 00:14:48

Health: -3/57      AC: 11    Str: 15    XL:     8   Next: 84%
Magic:  11/13      EV: 14    Int: 21    God:
Gold:   296        SH:  5    Dex: 16    Spells: 4/10 levels left

rFire    . . .     SeeInvis .   a - +1 short sword (venom)
rCold    + . .     Faith    .   u - +0 buckler
rNeg     . . .     Spirit   .   t - +2 leather armour {rC+}
rPois    .         Reflect  .   (no helmet)
rElec    .         Harm     .   w - +0 cloak
rCorr    .                      y - +2 pair of gloves {archery}
MR       .....                  p - +1 pair of boots
Stlth    ++........             (no amulet)
HPRegen  0.19/turn              v - ring of stealth
MPRegen  0.13/turn              (no ring)

@: heavily drained
A: high mp 1, sense surroundings 1, strong 1
a: no special abilities


You were on level 6 of the Dungeon.
You visited 1 branch of the dungeon, and saw 6 of its levels.

You collected 296 gold pieces.

Inventory:

Hand Weapons
 a - a +1 short sword of venom (weapon)
 b - a +1 rapier of speed
 h - a +0 dagger
 j - a +0 mace
Missiles
 c - 155 stones
 k - 2 javelins
 l - 12 boomerangs
 x - 37 poisoned darts (quivered)
Armour
 p - a +1 pair of boots (worn)
 r - a +0 crystal plate armour
 t - a +2 leather armour of cold resistance (worn)
 u - a +0 buckler (worn)
 w - a +0 cloak (worn)
 y - a +2 pair of gloves of archery (worn)
Jewellery
 n - an uncursed ring of ice
 v - a ring of stealth (left hand)
Wands
 q - a wand of disintegration (11)
 s - a wand of flame (4)
 z - a wand of acid (10)
Scrolls
 e - 5 scrolls of teleportation
 g - 3 scrolls of amnesia
Potions
 d - a potion of cancellation
 f - a potion of brilliance {unknown}
 i - 4 potions of haste
 m - 3 potions of heal wounds
 o - a potion of lignification
 A - a potion of magic


   Skills:
 + Level 2.0(0.7) Throwing
 * Level 6.0(4.5) Dodging
 - Level 1.7(0.5) Stealth
 - Level 4.0(2.6) Shields
 - Level 1.7(0.5) Spellcasting
 - Level 4.0(2.6) Transmutations
 * Level 7.5(6.0) Poison Magic


You had 4 spell levels left.
You knew the following spells:

 Your Spells              Type           Power        Failure   Level
a - Sting                 Tmut/Pois      ###.         4%          1
b - Poisonous Vapours     Pois/Air       ##....       11%         2
c - Mephitic Cloud        Conj/Pois/Air  #.......     32%         3

Your spell library contained the following spells:

 Spells                   Type           Power        Failure   Level
 Beastly Appendage        Tmut           ##....       9%          1
 Wereblood                Tmut           ##......     13%         2
 Spider Form              Tmut/Pois      ###.......   13%         3
 Ignite Poison            Fire/Tmut/Pois ##......     22%         3
 Olgreb's Toxic Radiance  Pois           ####....     22%         4
 Ice Form                 Ice/Tmut       #.......     82%         4
 Blade Hands              Tmut           ##........   93%         5


Dungeon Overview and Level Annotations

Branches:
Dungeon (6/15)             Temple (0/1) D:4

Shops:
D:5 (

Portals:
Abyss: D:4

Annotations:
D:4 2 transporters, Hopman's ghost, amateur MiFi
D:6 Maggie


Innate Abilities, Weirdness & Mutations

You have an increased reservoir of magic. (+10% MP)
You passively map a small area around you.
Your muscles are strong. (Str +2)


Message History

Maggie hits you but does no damage.
You feel drained.
A white imp comes into view.
You barely miss Maggie.
Maggie is severely wounded.
The bullfrog hits you but does no damage.
Maggie barely misses you. The bullfrog completely misses you.
You closely miss the bullfrog.
The bullfrog is severely wounded.
The bullfrog hits you. Maggie hits you but does no damage.
You feel drained. The bullfrog hits you.
You hit the bullfrog.
The bullfrog is severely wounded.
The bullfrog completely misses you. You block Maggie's attack.
You hit the bullfrog.
You kill the bullfrog!
Your base Throwing skill increases to level 2!
Your base Dodging skill increases to level 6!
Maggie gestures at you while chanting. The bolt of fire hits you!!
You die...

..#* ######... ,
#...#####........
##.......#######*
*** #####....#
.####...##.##
......####..#####
####..# ##.....##
#..)##
#####..#### #.#.#
##@...# ##.#.#
#@†.....$ ...#.#
......... .###.#
#......... ..##.#
** #.....$...
#.......,
*##........ *
*###.###, *
?....#... * ,# **
,....##... , *


You could see Maggie (extremely poisoned).

Vanquished Creatures
  Pikel (D:5)
  Sigmund (D:5)
  Eustachio (D:5)
  Duvessa (D:4)
  An orc warrior (D:3)
  A phantom (D:4)
  An ice beast (D:6)
  An ogre (D:4)
  A centaur (D:5)
  A bullfrog (D:6)
  Dowan (D:4)
  A bullfrog zombie (D:5)
  A centaur skeleton (D:4)
  4 hounds
  A jelly (D:5)
  Crazy Yiuf (D:4)
  A bullfrog skeleton (D:5)
  3 orc wizards (D:3)
  Jessica (D:2)
  An iguana (D:6)
  5 worker ants
  A howler monkey zombie (D:5)
  A worker ant zombie (D:5)
  9 adders
  A white imp (D:6)
  An ufetubus (D:4)
  An ooze (D:2)
  6 worms
  3 dart slugs (D:1)
  2 leopard geckos
  16 orcs
  3 giant cockroaches
  7 goblins
  8 hobgoblins
  7 jackals
  9 kobolds
  2 quokkas
  A ball python (D:1)
  9 bats
  8 frilled lizards
  A quokka zombie (D:5)
  6 rats
132 creatures vanquished.

Vanquished Creatures (others)
  A giant cockroach (D:4)
1 creature vanquished.

Grand Total: 133 creatures vanquished

Notes
Turn   | Place    | Note
-------+----------+-------------------------------------------
     0 | D:1      | MrRokkomies the Demigod Venom Mage began the quest for the
                  | Orb.
     0 | D:1      | Reached XP level 1. HP: 14/14 MP: 5/5
   159 | D:1      | Reached skill level 1 in Transmutations
   227 | D:1      | Reached XP level 2. HP: 20/20 MP: 2/7
   254 | D:1      | Reached skill level 3 in Poison Magic
  1159 | D:1      | Reached XP level 3. HP: 26/26 MP: 8/8
  1485 | D:1      | Learned a level 2 spell: Poisonous Vapours
  1492 | D:2      | Noticed Jessica
  1497 | D:2      | Killed Jessica
  1842 | D:2      | Reached XP level 4. HP: 21/33 MP: 9/9
  2621 | D:3      | Reached skill level 4 in Poison Magic
  2649 | D:3      | Reached XP level 5. HP: 11/38 MP: 0/10
  4014 | D:3      | Noticed an orc warrior
  4206 | D:2      | Learned a level 3 spell: Mephitic Cloud
  4510 | D:3      | Killed an orc warrior
  4510 | D:3      | Reached skill level 1 in Shields
  4510 | D:3      | Reached XP level 6. HP: 12/45 MP: 2/11
  4851 | D:4      | Noticed Duvessa
  4851 | D:4      | Noticed Dowan
  4883 | D:4      | Killed Duvessa
  4892 | D:4      | HP: 2/45 [Dowan/+0 dagger (6)]
  4893 | D:4      | Gained mutation: Your muscles are strong. (Str +2) [potion
                  | of mutation]
  4893 | D:4      | Gained mutation: You passively map a small area around you.
                  | [potion of mutation]
  5189 | D:4      | Killed Dowan
  5189 | D:4      | Reached skill level 5 in Poison Magic
  5458 | D:4      | Reached XP level 7. HP: 50/50 MP: 12/12
  5538 | D:4      | Found a staircase to the Ecumenical Temple.
  5634 | D:4      | Found a transporter.
  5643 | D:4      | Found a transporter.
  5703 | D:4      | Found a one-way gate to the infinite horrors of the Abyss.
  5704 | D:4      | Noticed a toenail golem
  5716 | D:4      | Noticed Hopman's ghost (amateur MiFi)
  6002 | D:4      | Found a runed translucent door.
  6003 | D:4      | Noticed Crazy Yiuf
  6126 | D:4      | Found a snail-covered altar of Cheibriados.
  6355 | D:4      | Killed Crazy Yiuf
  6604 | D:5      | Entered Level 5 of the Dungeon
  6887 | D:5      | Noticed Pikel
  6913 | D:5      | Killed Pikel
  6913 | D:5      | Reached skill level 6 in Poison Magic
  6913 | D:5      | Reached XP level 8. HP: 40/57 MP: 3/13
  7037 | D:5      | Reached skill level 5 in Dodging
  7085 | D:5      | Found Initel's Weapon Emporium.
  7243 | D:5      | Noticed Sigmund
  7255 | D:5      | Killed Sigmund
  7255 | D:5      | Reached skill level 1 in Throwing
  7255 | D:5      | Reached skill level 7 in Poison Magic
  7322 | D:5      | Noticed Eustachio
  7345 | D:5      | Killed Eustachio
  7536 | D:5      | Found a glowing silver altar of Zin.
  7536 | D:5      | Found an opulent altar of Gozag.
  7681 | D:6      | Found a shadowy altar of Dithmenos.
  7681 | D:6      | Found a shimmering altar of Xom.
  7878 | D:6      | Noticed Maggie
  7897 | D:6      | Killed from afar by Maggie

Illustrated notes

Levels and vault maps discovered:
D:1:      arrival_zaba_pyramid, layout_basic
D:2:      layout_basic, minivault_24, uniq_jessica
D:3:      layout_basic
D:4:      layout_basic, cheibriados_altar_1, minmay_temple_entry_wispy,
          gammafunk_ghost_abyssal_escape, uniq_crazy_yiuf_cottage, uniq_duvessa
D:5:      layout_cave_pools, grunt_temple_overflow_gold_and_silver,
          serial_shops, kennysheep_little_box, minmay_misc_feat_rugged,
          uniq_pikel, uniq_eustachio, uniq_sigmund
D:6:      layout_rooms, chequers_temple_overflow_statue_of_worship,
          portal_sewer_entry_e, minmay_chambers_of_fives, uniq_maggie

Skill      XL: |  1  2  3  4  5  6  7  8 |
---------------+-------------------------+-----
Transmutations | 1 2 3 4 |  4.0
Dodging        | 2 3 4 6 |  6.0
Poison Magic   | 3 4 5 6 7 |  7.5
Shields        | 1 2 4 |  4.0
Throwing       | 2 |  2.0
Stealth        | |  1.7
Spellcasting   | |  1.7

Action                   |  1- 3 |  4- 6 |  7- 9 || total
-------------------------+-------+-------+-------++-------
Melee: Unarmed           |     9 |       |       ||     9
       Dagger            |    36 |       |       ||    36
       Mace              |     9 |       |       ||     9
       Short sword       |    25 |   146 |   244 ||   415
 Cast: Sting             |    22 |    11 |    11 ||    44
       Poisonous Vapours |     3 |    22 |     4 ||    29
Evoke: Wand              |       |     2 |     3 ||     5
  Use: Scroll            |       |     8 |     5 ||    13
       Potion            |       |     4 |       ||     4
 Stab: Sleeping          |     5 |     7 |    10 ||    22
Armor: Robe              |    17 |    25 |    66 ||   108
       Leather armour    |       |       |    23 ||    23
Dodge: Dodged            |    69 |   116 |   206 ||   391
Block: Buckler           |       |    15 |    70 ||    85

Table legend: (Time is in decaauts)
 A = Elapsed time spent in this place.
 B = Non-inter-level travel time spent in this place.
 C = Inter-level travel time spent in this place.
 D = Time resting spent in this place.
 E = Time spent auto-exploring this place.
 F = Levels seen in this place.
 G = Mean time per level.
                   A        B        C        D        E       F      G
               +--------+--------+--------+--------+--------+-----+--------+
         Total |   7945 |   7749 |    196 |   2028 |   4403 |   6 | 1324.2 |
       Dungeon |   7945 |   7749 |    196 |   2028 |   4403 |   6 | 1324.2 |
               +--------+--------+--------+--------+--------+-----+--------+

Top non-repeatable levels by time:
     D:3: 2477 daAuts
     D:4: 1491 daAuts
     D:1: 1482 daAuts
     D:2: 1179 daAuts
     D:5: 1090 daAuts
     D:6: 221 daAuts
